 Dungeon Crawl Stone Soup version 0.27-a0-202-gdcb3803577 (webtiles) character file.

Game seed: 14015871996615464328

135 Astera the Firebug (level 4, -3/24 HPs)
             Began as a Deep Elf Fire Elementalist on June 22, 2020.
             Was a Believer of Cheibriados.
             Slain by an orc
             ... wielding a +0 trident
              (8 damage)
             ... on level 3 of the Dungeon on Jan 30, 2021.
             The game lasted 00:16:32 (2637 turns).

Astera the Firebug (Deep Elf Fire Elementalist)     Turns: 2637, Time: 00:16:32

Health: -3/24      AC:  3    Str: 10    XL:     4   Next: 96%
Magic:  7/12       EV: 14    Int: 26    God:    Cheibriados [**....]
Gold:   98         SH:  0    Dex: 20    Spells: 10/11 levels left

rFire    . . .     SeeInvis .   k - +0 quarterstaff
rCold    . . .     Faith    .   (shield currently unavailable)
rNeg     . . .     Spirit   .   a - +0 robe
rPois    .         Reflect  .   (no helmet)
rElec    .         Harm     .   (no cloak)
rCorr    .         Rampage  .   (no gloves)
Will     .....                  u - +0 pair of boots
Stlth    ++........             v - amulet of inaccuracy (curse)
HPRegen  0.08/turn              (no ring)
MPRegen  0.13/turn              (no ring)

@: very slow
A: no striking features
a: Renounce Religion, Bend Time


You were on level 3 of the Dungeon.
You worshipped Cheibriados.
Cheibriados was pleased with you.
You visited 1 branch of the dungeon, and saw 3 of its levels.

You collected 98 gold pieces.

Inventory:

Hand Weapons
 k - a +0 quarterstaff (weapon)
Missiles
 m - 16 poisoned darts
Armour
 a - a +0 robe (worn)
 u - a +0 pair of boots (worn)
Jewellery
 d - an uncursed amulet of the acrobat
 v - a cursed amulet of inaccuracy (around neck)
Scrolls
 e - 3 scrolls of identify
Potions
 b - a potion of ambrosia {unknown}
 f - 2 potions of heal wounds {unknown}
 g - 3 potions of curing
 h - a potion of haste {unknown}
 j - a potion of might {unknown}
 o - a potion of degeneration {unknown}
 t - a potion of lignification {unknown}
Comestibles
 c - a removed food
 i - 3 removed foods


   Skills:
 + Level 3.6 Dodging
 + Level 3.4 Stealth
 + Level 4.1 Spellcasting
 + Level 2.1 Conjurations
 + Level 4.3 Fire Magic


You had 10 spell levels left.
You knew the following spells:

 Your Spells              Type           Power        Failure   Level
a - Foxfire               Conj/Fire      88%          2%          1

Your spell library contained the following spells:

 Spells                   Type           Power        Failure   Level
 Conjure Flame            Conj/Fire      22%          7%          3
 Inner Flame              Hex/Fire       16%          11%         3
 Sticky Flame             Conj/Fire      22%          22%         4
 Fireball                 Conj/Fire      11%          52%         5


Dungeon Overview and Level Annotations

Branches:
Dungeon (3/15)

Altars:
Cheibriados
Gozag
Zin


Message History

The orc closely misses you. The orc barely misses you.
The foxfire hits the orc.
The orc is heavily wounded.
The orc closely misses you. The orc barely misses you. The orc misses you.
Casting: Foxfire (safe; 2% risk of failure)
Press: ? - help, Q - select action, (/) - cycle Dir - look around, f - activate You conjure some foxfire!
The orc hits you with a +0 flail! The orc closely misses you.
Your foxfire dissipates!
The orc hits you from afar with a +0 trident.
The orc hits you with a +0 flail.
* * * LOW HITPOINT WARNING * * *
You enter the shallow water.
Moving in this stuff is going to be slow.
The orc hits you from afar with a +0 trident.
* * * LOW HITPOINT WARNING * * *
The orc splashes around in the water.
The orc barely misses you.
The orc hits you from afar with a +0 trident!
You die...

####)##.... ..
#..)....... #.
#####.###.♣≈♣♣♣ ≈♣
#.....≈♣≈♣≈♣♣ ≈≈
#.###≈♣♣≈≈≈≈≈≈♣P P≈
#.#♣≈≈≈≈≈≈≈≈≈≈≈≈≈≈≈
#o♣♣≈≈P♣≈≈≈≈≈≈≈≈≈≈≈
#≈o≈≈♣≈≈≈≈≈≈≈≈≈≈≈≈≈
#≈♣@≈≈≈≈≈≈≈≈≈≈≈≈≈≈≈≈
#♣♣≈♣≈P≈≈≈≈≈≈≈≈≈≈≈≈≈
♣≈≈≈≈≈≈≈≈≈≈≈≈≈≈≈≈≈
#≈♣P≈♣≈≈≈≈≈≈≈≈≈≈≈≈≈
##P≈P≈≈≈P≈≈≈≈≈≈≈≈≈≈
###≈≈≈P♣≈≈≈P≈≈≈≈≈P
##♣P♣♣♣P≈≈≈≈≈≈≈≈
##≈♣P≈♣≈≈♣♣♣♣♣
####P≈♣≈♣ ♣≈


You could see 2 orcs.

Vanquished Creatures
  Jessica (D:2)
  A gnoll (D:3)
  3 adders (D:3)
  A worm (D:2)
  4 dart slugs
  3 leopard geckos
  2 orcs (D:3)
  2 giant cockroaches (D:2)
  5 goblins
  6 hobgoblins
  9 kobolds
  4 quokkas
  3 ball pythons
  6 bats
  2 frilled lizards (D:2)
  7 rats
59 creatures vanquished.

Vanquished Creatures (collateral kills)
  4 foxfires (D:3)
4 creatures vanquished.

Vanquished Creatures (others)
  141 foxfires
  12 plants (D:3)
153 creatures vanquished.

Grand Total: 216 creatures vanquished

Notes
Turn   | Place    | Note
-------+----------+-------------------------------------------
     0 | D:1      | Astera the Deep Elf Fire Elementalist began the quest for
                  | the Orb.
     0 | D:1      | Reached XP level 1. HP: 10/10 MP: 6/6
   194 | D:1      | Reached XP level 2. HP: 15/15 MP: 6/8
   939 | D:1      | Upgraded the game from 0.26-a0-104-gef3e9dd61f to
                  | 0.26-a0-1058-g8dc6ce00ff
  1037 | D:2      | Upgraded the game from 0.26-a0-1058-g8dc6ce00ff to
                  | 0.27-a0-202-gdcb3803577
  1063 | D:2      | Reached XP level 3. HP: 13/19 MP: 3/9
  1074 | D:2      | Found a faded altar of an unknown god.
  1090 | D:2      | Became a worshipper of Cheibriados the Contemplative
  1090 | D:2      | Reached * piety under Cheibriados
  1415 | D:2      | Found an opulent altar of Gozag.
  1483 | D:2      | Noticed Jessica
  1507 | D:2      | Killed Jessica
  1508 | D:2      | Reached XP level 4. HP: 13/24 MP: 3/11
  1959 | D:3      | Found a glowing silver altar of Zin.
  2199 | D:3      | Reached ** piety under Cheibriados
  2637 | D:3      | Slain by an orc

Illustrated notes

Levels and vault maps discovered:
D:1:      minmay_arrival_nine_rooms, layout_basic
D:2:      layout_rooms, grunt_gozag_breadcrumbs,
          chequers_ecumenical_altar_island, minmay_misc_feat_iff,
          minmay_tetromino_t2, uniq_jessica
D:3:      layout_rooms, zin_scriptorium, serial_bayou_lake_a

Skill      XL: |  1  2  3  4 |
---------------+-------------+-----
Dodging        | 3 |  3.6
Fire Magic     | 4 |  4.3
Stealth        | 3 |  3.4
Conjurations   | 2 |  2.1
Spellcasting   | 4 |  4.1

Action                   |  1- 3 |  4- 6 || total
-------------------------+-------+-------++-------
Melee: Quarterstaff      |     3 |     5 ||     8
 Cast: Foxfire           |    60 |    44 ||   104
  Use: Scroll            |       |     9 ||     9
       Potion            |       |     1 ||     1
Armor: Robe              |     4 |     6 ||    10
Dodge: Dodged            |    20 |    52 ||    72

Table legend: (Time is in decaauts)
 A = Elapsed time spent in this place.
 B = Non-inter-level travel time spent in this place.
 C = Inter-level travel time spent in this place.
 D = Time resting spent in this place.
 E = Time spent auto-exploring this place.
 F = Levels seen in this place.
 G = Mean time per level.
                   A        B        C        D        E       F      G
               +--------+--------+--------+--------+--------+-----+--------+
         Total |   2893 |   2857 |     36 |    514 |   1402 |   3 |  964.3 |
       Dungeon |   2893 |   2857 |     36 |    514 |   1402 |   3 |  964.3 |
               +--------+--------+--------+--------+--------+-----+--------+

Top non-repeatable levels by time:
     D:2: 995 daAuts
     D:3: 812 daAuts
     D:1: 147 daAuts
Note: time per level data comes from an upgraded game and may be incomplete.
